 Dungeon Crawl Stone Soup version 0.26.1-12-g5ba1501909 (webtiles) character file.

Game seed: 4881142445261484966

10212 Zeld the Covert (level 11, -7/74 HPs)
             Began as an Octopode Brigand on Oct 25, 2021.
             Was a Believer of Fedhas.
             Mangled by a shadow (17 damage)
             ... in a Gauntlet.
             The game lasted 00:22:05 (19623 turns).

Zeld the Covert (Octopode Brigand)                 Turns: 19623, Time: 00:22:06

Health: -7/74      AC:  1    Str: 10    XL:     11   Next: 58%
Magic:  11/11      EV: 18    Int: 14    God:    Fedhas [**....]
Gold:   1212       SH: 13    Dex: 17    Spells: 10/10 levels left

rFire    . . .     SeeInvis .   a - +9 dagger (venom)
rCold    . . .     Faith    .   y - +3 buckler
rNeg     . . .     Spirit   .   z - +0 hat
rPois    +         Reflect  +   k - amulet of reflection
rElec    .         Harm     .   (no ring)
rCorr    .         Rampage  .   v - ring of poison resistance
Will     .....     NoTele   +   (no ring)
Stlth    +++++++...             (no ring)
HPRegen  0.22/turn              (no ring)
MPRegen  0.12/turn              (no ring)
                                (no ring)
                                (no ring)

@: no status effects
A: almost no armour, stealthy swim, amphibious, 8 rings, constrict 8, camouflage
1, gelatinous body 1
a: Renounce Religion, Wall of Briars


You were in a Gauntlet.
You worshipped Fedhas.
Fedhas was pleased with you.
You visited 2 branches of the dungeon, and saw 12 of its levels.
You also visited: Sewer, Bailey and Gauntlet.

You collected 1212 gold pieces.

Inventory:

Hand Weapons
 a - a +9 dagger of venom (weapon)
 b - a +5 short sword of speed
Missiles
 c - 28 poisoned darts (quivered)
 d - 63 boomerangs
 t - 9 curare-tipped darts
 x - 16 atropa-tipped darts
Armour
 y - a +3 buckler (worn)
 z - a +0 hat (worn)
Jewellery
 k - an amulet of reflection (around mantle)
 v - a ring of poison resistance (right tentacle)
Wands
 r - a wand of enslavement (5)
 s - a wand of polymorph (8)
 G - a wand of iceblast (8)
 H - a wand of flame (20)
Scrolls
 f - 3 scrolls of remove curse
 i - 5 scrolls of teleportation
 j - 2 scrolls of fear
 p - 2 scrolls of blinking
 B - 2 scrolls of amnesia
 E - a scroll of vulnerability {unknown}
Potions
 g - 4 potions of heal wounds
 h - 2 potions of haste
 l - 4 potions of mutation {unknown}
 m - 2 potions of cancellation {unknown}
 n - 5 potions of flight
 o - 8 potions of curing {unknown}
 u - a potion of attraction {unknown}
 w - a potion of lignification {unknown}
 A - a potion of might {unknown}
 C - 3 potions of brilliance {unknown}
 F - a potion of degeneration {unknown}
 I - a potion of magic {unknown}
Miscellaneous
 e - a phial of floods
 q - a condenser vane


   Skills:
 + Level 6.8 Fighting
 * Level 9.8 Short Blades
 - Level 6.0 Throwing
 + Level 6.7 Dodging
 * Level 13.9 Stealth
 - Level 4.0 Shields
 + Level 1.0 Invocations
 + Level 1.1 Evocations


You had 10 spell levels left.
You didn't know any spells.
Your spell library contained the following spells:

 Spells                   Type           Power        Failure   Level
 Bolt of Magma            Conj/Fire/Erth 0%           100%        5
 Iskenderun's Battlesphe  Conj           0%           100%        5
 Iron Shot                Conj/Erth      0%           100%        6
 Orb of Destruction       Conj           0%           100%        7
 Spellforged Servitor     Conj/Summ      0%           100%        7


Dungeon Overview and Level Annotations

Branches:
Dungeon (11/15)            Temple (1/1) D:6            Lair (0/6) D:11
    Orc (0/2) D:9           Sewer (visited)          Bailey (visited)
Gauntlet (1/1)

Altars:
Ashenzari
Cheibriados
Dithmenos
Elyvilon
Fedhas
Gozag
Hepliaklqana
Kikubaaqudgha
Makhleb
Nemelex Xobeh
Okawaru
Qazlal
Ru
Sif Muna
Trog
Uskayaw
Vehumet
Wu Jian
Xom
Yredelemnul
Zin
The Shining One

Annotations:
Gauntlet 11 transporters, 6 runed translucent doors


Innate Abilities, Weirdness & Mutations

You cannot wear most types of armour.
You are very stealthy in the water. (Stealth+)
You are amphibious.
You can wear up to eight rings at the same time.
You can use your tentacles to constrict eight enemies at once.
Your skin changes colour to match your surroundings (Stealth+).
Your rubbery body absorbs attacks. (AC +1, EV +1)


Message History

The shadow slips into darkness.
The shadow flickers and vanishes!
The shadow strikes at you from the darkness!
Reactivating autopickup.
There is a large open translucent door here.
The shadow strikes at you from the darkness!
The shadow slips into darkness.
The shadow flickers and vanishes!
Deactivating autopickup; reactivate with Ctrl-A.
As you open the large door, it creaks loudly!
The shadow completely misses you.
The shadow slips into darkness.
The shadow flickers and vanishes!
The shadow strikes at you from the darkness!
* * * LOW HITPOINT WARNING * * *
Reactivating autopickup.
There is a large open translucent door, spattered with blood here.
The shadow strikes at you from the darkness!
You die...
Fedhas appreciates your contribution to the ecosystem.

###############≈#≈#≈#≈#≈#≈#######
≈#§#≈#§#≈#≈#≈#......§§§...§#≈#≈#≈
.................∩..8..∩.........
.8.....8.....8......©......8.....
.......©.......###########.......
...#########...#..'.©.'..#...####
...#.......#...#.W{...'..#...#2.#
...#.##..#.#...#''#'#'#++#...#...
...#.##©.ss#...#@{'...'..#...#.#.
.8.#.^.###.#.8.#..'...'..#.8.#.##
...#..^###.#...#++#...#++#...#..#
...#...###.#...#..#'''#..#...#.=|
...#.)?©=..#...#.........#...#..(
...#########...#..=?©."..#...####
.....#.©.#.....###########.....#.
.8...#.8.#...8....#.©.#....8...#.
.....#.©.#........#...#........#.


You could see 2 redbacks and a shadow.

Vanquished Creatures
  A two-headed ogre (D:9)
  A gargoyle (D:11)
  A yaktaur (D:8)
  2 trolls (D:9)
  Grinder (Temple)
  2 hornets
  Sigmund (D:3)
  A wyvern (D:10)
  8 yaks
  A water moccasin (D:5)
  Duvessa (D:4)
  7 orc warriors
  A black bear (D:7)
  4 ice beasts
  3 necrophages
  3 sky beasts
  4 phantoms
  3 ogres
  8 centaurs
  2 big kobolds
  9 bullfrogs
  Dowan (D:4)
  2 scorpions
  14 killer bees (D:8)
  A howler monkey (D:5)
  7 wights
  A lava snake (D:7)
  A bullfrog zombie (D:5)
  3 orc priests
  7 hounds
  A jelly (D:9)
  A quasit (D:9)
  3 bullfrog skeletons
  2 centaur skeletons
  4 iguanas
  10 orc wizards
  9 worker ants
  2 hound zombies
  A hound skeleton (D:7)
  A mummy (D:5)
  A howler monkey skeleton (D:4)
  4 worker ant zombies
  6 gnolls
  9 adders
  2 shadow imps
  2 white imps
  An ufetubus (D:8)
  An adder zombie (D:6)
  2 adder skeletons
  5 worms
  3 dart slugs
  11 leopard geckos
  49 orcs
  10 giant cockroaches
  19 goblins
  11 hobgoblins
  4 jackals (D:4)
  4 quokkas
  6 ball pythons
  10 bats
  10 frilled lizards
  A hobgoblin zombie (D:5)
  28 kobolds
  3 kobold zombies (D:5)
  A leopard gecko skeleton (D:4)
  A quokka skeleton (D:4)
  9 rats
348 creatures vanquished.

Vanquished Creatures (others)
  An orc wizard (D:6)
  An orc (D:7)
  A kobold (D:10)
  31 plants
34 creatures vanquished.

Grand Total: 382 creatures vanquished

Notes
Turn   | Place    | Note
-------+----------+-------------------------------------------
     0 | D:1      | Zeld the Octopode Brigand began the quest for the Orb.
     0 | D:1      | Reached XP level 1. HP: 14/14 MP: 1/1
   102 | D:1      | Reached XP level 2. HP: 17/19 MP: 2/2
   710 | D:1      | Reached XP level 3. HP: 24/24 MP: 3/3
  1115 | D:2      | Reached XP level 4. HP: 23/29 MP: 4/4
  1409 | D:2      | Reached skill level 6 in Stealth
  2724 | D:3      | Found a hide-covered altar of Uskayaw.
  2778 | D:3      | Noticed Sigmund
  3351 | D:3      | Killed Sigmund
  3352 | D:3      | Reached XP level 5. HP: 36/36 MP: 5/5
  3352 | D:3      | Reached XP level 6. HP: 41/41 MP: 6/6
  3771 | D:4      | Reached skill level 7 in Stealth
  3951 | D:4      | Noticed a phantom
  4445 | D:4      | Noticed Dowan
  4853 | D:4      | Noticed Duvessa
  4860 | D:4      | Killed Duvessa
  4861 | D:4      | Reached XP level 7. HP: 46/46 MP: 7/7
  4866 | D:4      | Killed Dowan
  6110 | D:5      | Entered Level 5 of the Dungeon
  6111 | D:5      | Found a glowing drain.
  6120 | Sewer    | Entered a sewer
  6209 | Sewer    | Reached skill level 8 in Stealth
  6529 | D:4      | Reached XP level 8. HP: 18/52 MP: 8/8
  7037 | D:5      | Reached skill level 5 in Short Blades
  7163 | D:5      | Reached skill level 5 in Throwing
  7670 | D:5      | Reached skill level 9 in Stealth
  8230 | D:6      | You fall into a shaft and drop 2 floors!
  8242 | D:8      | Reached XP level 9. HP: 33/58 MP: 9/9
  8682 | D:8      | Found a flagged portal.
  8690 | Bailey   | Entered a bailey
  9293 | Bailey   | Reached skill level 10 in Stealth
 11367 | D:6      | Reached skill level 5 in Fighting
 11382 | D:6      | Reached skill level 11 in Stealth
 11949 | D:6      | Found a staircase to the Ecumenical Temple.
 11967 | D:6      | Noticed Grinder
 12007 | Temple   | Entered the Ecumenical Temple
 12351 | Temple   | Paralysed by Grinder for 6 turns
 12367 | Temple   | Killed Grinder
 12368 | Temple   | Reached skill level 5 in Dodging
 12815 | D:6      | Found an iron altar of Okawaru.
 12815 | D:6      | Found a broken altar of Ashenzari.
 12985 | D:7      | Reached XP level 10. HP: 53/66 MP: 10/10
 13112 | D:7      | Reached skill level 1 in Shields
 13721 | D:7      | You fall into a shaft and drop 1 floor!
 14015 | D:8      | Reached skill level 12 in Stealth
 14175 | D:8      | Found a glowing silver altar of Zin.
 15510 | D:8      | You fall into a shaft and drop 1 floor!
 15512 | D:9      | Noticed a two-headed ogre
 16210 | D:9      | Found a staircase to the Orcish Mines.
 16295 | D:9      | Killed a two-headed ogre
 16296 | D:9      | Reached skill level 13 in Stealth
 16296 | D:9      | Reached XP level 11. HP: 42/73 MP: 11/11
 16561 | D:9      | Found a glowing golden altar of the Shining One.
 16580 | D:9      | Found a blossoming altar of Fedhas.
 16584 | D:9      | Found a snail-covered altar of Cheibriados.
 16589 | D:9      | Became a worshipper of Fedhas Madash
 16605 | D:9      | Noticed a two-headed ogre
 17747 | D:9      | Reached * piety under Fedhas
 17810 | D:9      | Found a blossoming altar of Fedhas.
 17813 | D:9      | Noticed an oklob plant
 17814 | D:9      | Noticed an oklob plant
 18100 | D:10     | Entered Level 10 of the Dungeon
 19255 | D:11     | Reached skill level 1 in Evocations
 19262 | D:11     | Reached skill level 1 in Invocations
 19265 | D:11     | Reached ** piety under Fedhas
 19281 | D:11     | Found a gate leading to a gauntlet.
 19287 | Gauntlet | Entered a Gauntlet
 19287 | Gauntlet | Found a transporter.
 19287 | Gauntlet | Found a large runed translucent door.
 19287 | Gauntlet | Found a large runed translucent door.
 19287 | Gauntlet | Found a large runed translucent door.
 19287 | Gauntlet | Found a large runed translucent door.
 19287 | Gauntlet | Found a large runed translucent door.
 19287 | Gauntlet | Found a large runed translucent door.
 19287 | Gauntlet | Found a runed translucent door.
 19287 | Gauntlet | Found a runed translucent door.
 19287 | Gauntlet | Found a large runed translucent door.
 19287 | Gauntlet | Found a large runed translucent door.
 19287 | Gauntlet | Found a large runed translucent door.
 19287 | Gauntlet | Found a large runed translucent door.
 19287 | Gauntlet | Found a large runed translucent door.
 19287 | Gauntlet | Found a large runed translucent door.
 19287 | Gauntlet | Noticed a reaper
 19307 | Gauntlet | Found a transporter.
 19327 | Gauntlet | Found a transporter.
 19331 | Gauntlet | Found a transporter.
 19347 | Gauntlet | Found a transporter.
 19351 | Gauntlet | Noticed a catoblepas
 19358 | Gauntlet | Noticed a hell beast
 19360 | Gauntlet | Found a transporter.
 19373 | Gauntlet | Found a transporter.
 19376 | Gauntlet | Noticed a balrug
 19390 | Gauntlet | Found a transporter.
 19394 | Gauntlet | Found a transporter.
 19399 | Gauntlet | Noticed an entropy weaver
 19402 | Gauntlet | Found a transporter.
 19416 | Gauntlet | Found a large runed translucent door.
 19417 | Gauntlet | Found a large runed translucent door.
 19422 | Gauntlet | Found a runed translucent gate.
 19422 | Gauntlet | Found a runed translucent gate.
 19422 | Gauntlet | Found a runed translucent gate.
 19424 | Gauntlet | Found a transporter.
 19428 | Gauntlet | Found a transporter.
 19444 | Gauntlet | Found a large runed translucent door.
 19445 | Gauntlet | Found a large runed translucent door.
 19623 | Gauntlet | Mangled by a shadow

Illustrated notes

Levels and vault maps discovered:
D:1:      dpeg_arrival_arbitrary_c, layout_basic, minmay_misc_feat_cross,
          grunt_decor_mini_mirrors, columned_hall_lemuel
D:2:      layout_basic, amcnicky_mini_pool_small, serial_bayou_lagoon_a
D:3:      layout_rooms, eat_drink_and_be_merry_uskayaw, uniq_sigmund
D:4:      layout_basic, uniq_duvessa
D:5:      cheibrodos_barr_body, layout_loops_ring, cheibrodos_sewer_entry_drain,
          minmay_mini_ossuary
D:6:      layout_cave_pools, gammafunk_temple_overflow_wave,
          minmay_temple_entry_slanted, mrwooster_statue_mirror, uniq_grinder
D:7:      layout_loops_ring, kennysheep_donut
D:8:      nzn_winding_woodlands_three_and_one
          [nzn_winding_woodlands_5x15_parted, nzn_winding_woodlands_5x15_pool,
          nzn_winding_woodlands_5x15_concentric,
          nzn_winding_woodlands_center_garden], layout_loops_corners,
          basic_altar, enter_bailey_3, eino_jars
D:9:      layout_small_grid, minitemple, orc_0_dummy, hangedman_tree_tricks
D:10:     layout_rooms
D:11:     layout_roguey, gauntlet_entry_generic, minmay_misc_feat_four_crosses
Temple:   minmay_temple_bridge_d
Gauntlet: minmay_gauntlet_mixed_oops_all_seconds
          [minmay_gauntlet_arena_77_two_lines,
          minmay_gauntlet_arena_make_your_own_arena,
          minmay_gauntlet_arena_77_block_sizes,
          gammafunk_gauntlet_arena_split_x,
          minmay_gauntlet_arena_77_terracotta_army,
          nicolae_gauntlet_arena_blocks, gauntlet_exit_hidden_loot]

Skill      XL: |  1  2  3  4  5  6  7  8  9 10 11 |
---------------+----------------------------------+-----
Stealth        | 6 7 8 9 11 13 | 13.9
Short Blades   | 3 4 5 7 9 |  9.8
Throwing       | 3 4 5 6 |  6.0
Dodging        | 2 3 5 6 |  6.7
Fighting       | 3 4 5 6 |  6.8
Shields        | 3 4 |  4.0
Evocations     | 1 |  1.1
Invocations    | 1 |  1.0

Action                   |  1- 3 |  4- 6 |  7- 9 | 10-12 || total
-------------------------+-------+-------+-------+-------++-------
Melee: Dagger            |    54 |   148 |   399 |   426 ||  1027
       Constrict         |    12 |    32 |    77 |    72 ||   193
       Tentacles         |     8 |    22 |    96 |   102 ||   228
Evoke: Condenser vane    |       |       |       |     3 ||     3
  Use: Scroll            |       |       |    15 |    14 ||    29
       Potion            |       |       |     2 |       ||     2
 Stab: Sleeping          |    13 |    14 |    24 |    29 ||    80
       Distracted        |       |     1 |     1 |     1 ||     3
Armor: Skin              |     4 |    11 |    14 |     4 ||    33
Dodge: Dodged            |    21 |    88 |   210 |   153 ||   472
Block: Other             |       |       |    59 |       ||    59
       Reflection        |       |       |     5 |     3 ||     8
       Buckler           |       |       |     5 |   162 ||   167
